 Dungeon Crawl Stone Soup version 0.21.1-1-g345015fe64 (webtiles) character file.

78 Kejsarherre the Cudgeler (level 4, 0/34 HPs)
             Began as a Demonspawn Gladiator on May 10, 2018.
             Slain by hofbold's ghost (7 damage)
             ... on level 4 of the Dungeon.
             The game lasted 00:02:27 (824 turns).

Kejsarherre the Cudgeler (Demonspawn Gladiator)      Turns: 824, Time: 00:02:28

Health: 0/34       AC:  4    Str: 14    XL:     4   Next: 15%
Magic:  4/4        EV: 12    Int: 11    God:
Gold:   39         SH:  0    Dex: 14    Spells: 3/3 levels left

rFire    . . .     SeeInvis .   a - +0 flail
rCold    + . .     Gourm    +   (no shield)
rNeg     . . .     Faith    .   b - +0 leather armour
rPois    .         Spirit   .   i - +0 helmet
rElec    .         Reflect  .   (no cloak)
rCorr    .         Harm     .   (no gloves)
MR       .....                  (no boots)
Stlth    +.........             l - amulet of the gourmand
HPRegen  0.11/turn              (no ring)
MPRegen  0.09/turn              (no ring)

@: no status effects
A: cold resistance 1, powered by pain 1
a: no special abilities


You were on level 4 of the Dungeon.
You were not hungry.

You visited 1 branch of the dungeon, and saw 4 of its levels.
You also visited: Ossuary.

You collected 39 gold pieces.

Inventory:

Hand Weapons
 a - a +0 flail (weapon)
Missiles
 d - 2 throwing nets
 j - a tomahawk (quivered)
Armour
 b - a +0 leather armour (worn)
 c - a +0 helmet
 i - a +0 helmet (worn)
 k - a +0 plate armour
Jewellery
 l - an amulet of the gourmand (around neck)
Wands
 p - a wand of digging (12)
Scrolls
 g - 2 scrolls of identify
 m - a scroll of magic mapping {unknown}
 n - a scroll of teleportation {unknown}
Potions
 e - a potion of mutation
 h - a potion of invisibility
 o - a potion of curing
Comestibles
 f - 2 rations
 q - 3 chunks of flesh


   Skills:
 + Level 2.9 Fighting
 * Level 4.1 Maces & Flails
 - Level 1.7 Throwing
 - Level 2.6 Dodging


You had 3 spell levels left.
You didn't know any spells.

Dungeon Overview and Level Annotations

Branches:
Dungeon (4/15)
 Temple: D:4-7

Altars:

Annotations:
D:4 hofbold's ghost, novice DsGl


Innate Abilities, Weirdness & Mutations

Your flesh is cold resistant. (rC+)
You sometimes gain a little power by taking damage.


Message History

a - a +0 flail (weapon)
Throwing (i - inventory. (,) - cycle):
j - 3 tomahawks (quivered)
Press: ? - help, Shift-Dir - straight line, f - mummy
Aim: a mummy (almost destroyed)
You throw a tomahawk.
The tomahawk hits the mummy but does no damage.
The mummy is almost destroyed.
You barely miss the mummy.
The mummy is almost destroyed.
Hofbold's ghost (novice Demonspawn Gladiator) comes into view.
Hofbold's ghost turns its malevolent gaze towards you.
Throwing (i - inventory. (,) - cycle):
j - 2 tomahawks (quivered)
Press: ? - help, Shift-Dir - straight line, f/p - mummy
Aim: a mummy (almost destroyed)
You throw a tomahawk. The tomahawk hits the mummy.
You destroy the mummy!
You have reached level 4!
You feel clever. Hofbold's ghost hits you!
You die...

#.#.....##.........#.#.###
....(................#
..................#
#.....####........#
#........#........#
#........#........#
............##...##
............##...#
........@W..##...#
.................#
.....##..........#####.
..####......(..##...... ..
#......M.........#
#...##...M.#####.
#...##.##..#...#
######+##.รท'...+
........#...#


You could see 2 mummies and hofbold's ghost.

Vanquished Creatures
  An iguana (D:4)
  A mummy (D:4)
  An adder (D:2)
  A worm (D:2)
  2 leopard geckos
  2 goblins
  A hobgoblin (D:2)
  8 jackals (D:1)
  2 kobolds (D:1)
  A bat (D:1)
  3 frilled lizards
  3 rats
26 creatures vanquished.

Notes
Turn   | Place    | Note
-------+----------+-------------------------------------------
     0 | D:1      | Kejsarherre the Demonspawn Gladiator began the quest for the Orb.
     0 | D:1      | Reached XP level 1. HP: 16/16 MP: 1/1
    90 | D:1      | Reached skill level 3 in Maces & Flails
    98 | D:1      | Gained mutation: You sometimes gain a little power by taking damage. [demonic ancestry]
    98 | D:1      | Reached XP level 2. HP: 15/22 MP: 2/2
   410 | D:2      | Gained mutation: Your flesh is cold resistant. (rC+) [demonic ancestry]
   410 | D:2      | Reached XP level 3. HP: 17/28 MP: 3/3
   756 | D:4      | Found a sand-covered staircase.
   766 | D:4      | Reached skill level 4 in Maces & Flails
   794 | Ossuary  | Entered an ossuary
   820 | D:4      | Noticed hofbold's ghost (novice DsGl)
   822 | D:4      | Reached XP level 4. HP: 6/34 MP: 4/4
   824 | D:4      | Slain by hofbold's ghost

Skill      XL: |  1  2  3 |
---------------+----------+-----
Maces & Flails | 3 4 |  4.1
Fighting       | |  2.9
Throwing       | |  1.7
Dodging        | |  2.6

Action                   |  1- 3 |  4- 6 || total
-------------------------+-------+-------++-------
Melee: Flail             |    75 |       ||    75
Throw: Tomahawk          |     5 |       ||     5
       Throwing net      |     2 |       ||     2
  Use: Scroll            |     3 |       ||     3
Armor: Leather armour    |    17 |       ||    17
Dodge: Dodged            |    52 |       ||    52
